cohdb
Replays
Latest Replays
All Replays
Popular Replays
Top Player Replays
Match Explorer
How It Works
Community
CoH3 Stats
Reddit
Sign in to upload your games and track your stats! →
Sign in with Steam
Match 40722322
Unlisted
Match 40722322
Overview
Messages
Build Orders
End
Selects Terror Battlegroup
Selects Machine Gun Camouflage
Construct Infanterie Kompanie
MG 42 Machine Gun Team
Grenadier Squad
Grenadier Squad
Grenadier Squad
MG 42 Machine Gun Team
Selects Interrogate
Infanterie Officer Quarters
Construct Panzergrenadier Kompanie
Grenadier Squad
Support Elements
StuG III G Assault Gun
Medical Bunker
Selects No Quarter
Nebelwerfer 42 Rocket Launcher Team
Panzergrenadier Officer Quarters
Construct Panzer Kompanie
Pioneer Squad
Sturmpanzer IV Brummbär
Pak 40 Anti-tank Gun Team
Stoßtruppen Squad
Repair Bunker
Selects King Tiger Heavy Tank
King Tiger Heavy Tank
Pioneer Squad
Pak 40 Anti-tank Gun Team
Grenadier Squad
Selects Jericho Trumpet
Jericho Trumpet
King Tiger Heavy Tank
Pioneer Squad
Pioneer Squad
Selects V1 Rocket Strike
Grenadier Squad
Repair Bunker
Pak 40 Anti-tank Gun Team
Medical Bunker
Panzer IV Medium Tank
V1 Rocket Strike
Side Skirts
Pioneer Squad
Pak 40 Anti-tank Gun Team
Medical Bunker
V1 Rocket Strike
Ξ Convenant
Ξ Clownface
Adners
Ж | Davako
Jonesy
General Custard Cream
szwed
Agua de Jamaica
0
0
Comments
sign in to comment!
No comments posted yet!